 Dungeon Crawl Stone Soup version 0.27-a0-668-gb5737ff2c0 (webtiles) character file.

Game seed: 15666659070670187030

686 robertstho the Chopper (level 7, -7/63 HPs)
             Began as a Minotaur Berserker on Mar 17, 2021.
             Was a Priest of Trog.
             Killed by divine providence
             ... invoked by an orc priest
              (14 damage)
             ... on level 3 of the Dungeon.
             The game lasted 00:03:40 (3128 turns).

robertstho the Chopper (Minotaur Berserker)         Turns: 3128, Time: 00:03:41

Health: -7/63      AC: 12    Str: 28    XL:     7   Next: 35%
Magic:  6/6        EV:  9    Int:  5    God:    Trog [***...]
Gold:   163        SH:  4    Dex: 16    Spells: 6/6 levels left

rFire    . . .     SeeInvis .   a - +0 hand axe
rCold    . . .     Faith    .   q - +0 buckler
rNeg     . . .     Spirit   .   r - +1 chain mail
rPois    .         Reflect  .   j - +2 hat
rElec    .         Harm     .   (no cloak)
rCorr    .         Rampage  .   (no gloves)
Will     ++...                  (no boots)
Stlth    ..........             (no amulet)
HPRegen  1.20/turn              f - +6 ring of strength
MPRegen  0.10/turn              l - +6 ring of dexterity

@: berserk cooldown, regenerating (expiring), slowed, very slow
A: horns 2, retaliatory headbutt
a: Renounce Religion, Berserk, Trog's Hand


You were on level 3 of the Dungeon.
You worshipped Trog.
Trog was most pleased with you.
You visited 1 branch of the dungeon, and saw 4 of its levels.

You collected 163 gold pieces.

Inventory:

Hand Weapons
 a - a +0 hand axe (weapon)
Armour
 j - a +2 hat (worn)
 q - a +0 buckler (worn)
 r - a +1 chain mail (worn)
Jewellery
 f - a +6 ring of strength (right hand)
 l - a +6 ring of dexterity (left hand)
Scrolls
 e - 2 scrolls of enchant armour
 k - a scroll of magic mapping {unknown}
 m - a scroll of random uselessness
 n - a scroll of blinking {unknown}
 o - a scroll of enchant weapon {unknown}
 p - a scroll of fear {unknown}
Potions
 d - a potion of haste
 i - a potion of curing


   Skills:
 * Level 6.2 Fighting
 + Level 6.6 Axes
 * Level 5.2 Armour
 + Level 3.4 Dodging
 + Level 1.3 Stealth
 + Level 0.3 Shields


You had 6 spell levels left.
You didn't know any spells.
Your spell library was empty.

Dungeon Overview and Level Annotations

Branches:
Dungeon (4/15)
 Temple: D:4-7

Altars:
Elyvilon
Gozag
Hepliaklqana
Okawaru
Qazlal
Zin


Innate Abilities, Weirdness & Mutations

You have a pair of horns on your head.
You reflexively headbutt those who attack you in melee.


Message History

Trog accepts your kill.
You closely miss the orc priest.
You feel sick.
The orc priest calls down the wrath of Beogh upon you.
Beogh smites you!
Unknown command.
You are too injured to fight recklessly!
Unknown command.
You are too injured to fight recklessly!
Unknown command.
You are too injured to fight recklessly!
Unknown command.
You are too injured to fight recklessly!
You feel better. The orc priest closely misses you.
The orc priest hits you but does no damage.
Unknown command.
Your skin crawls.
You feel strong-willed. You block the orc priest's attack.
The ogre hits you with a +0 giant club!
* * * LOW HITPOINT WARNING * * *
Unknown command.
The orc priest barely misses you. The ogre hits you but does no damage.
There is a stone staircase leading up here.
The orc priest barely misses you. You furiously retaliate!
You headbutt the orc priest. The ogre hits you with a +0 giant club.
The orc priest hits you but does no damage.
The ogre closely misses you.
You climb upwards.
There is a stone staircase leading down here.
As you read the scroll labelled IPTOKHLOTOI, it crumbles to dust.
The creatures around you are filled with an inner flame!
It was a scroll of immolation.
You feel the effects of Trog's Hand fading.
The orc priest mumbles some strange prayers to Beogh against you.
Beogh smites you!
* * * LOW HITPOINT WARNING * * *
The ogre hits you with a +0 giant club.
* * * LOW HITPOINT WARNING * * *
The orc priest invokes the aid of Beogh against you.
Beogh smites you!
You die...

†>.....##.......# #.......#...
.......###.....#######.#.#####.##
.........................# #.##
##########.#########.##..#####..#
##≈##.#.##.# ####.#...........
###.≈≈#..#.######...).......###..
#...§≈#........o....#.####### ##.
##§§#.'.>......>......###### #.
#≈§≈§≈'..#.##.O.@..........# #.
##§§⌠.#.##..(.<..###.####### ##
#.#≈.#.##.##.######.# #
##..##.......##.....# #
########......##.#####
<....##........).########
......#.#...............#########
#####.#.#....#..#######...##.....
##.....######.....######.##.....


You could see an ogre (inner flame) and an orc priest (inner flame).

Vanquished Creatures
  Grinder (D:4)
  Sigmund (D:3)
  A howler monkey (D:4)
  An orc priest (D:4)
  3 worker ants
  A hound skeleton (D:4)
  3 gnolls (D:4)
  5 adders
  A white imp (D:2)
  2 oozes
  An adder zombie (D:2)
  A worm (D:2)
  3 dart slugs
  The ghost of CurlyBrace the Caller, a weakling FeSu (D:3)
  2 orcs
  3 ball pythons
  6 giant cockroaches
  9 goblins
  3 hobgoblins
  11 kobolds
  4 quokkas
  8 bats
  3 frilled lizards
  5 rats
79 creatures vanquished.

Notes
Turn   | Place    | Note
-------+----------+-------------------------------------------
     0 | D:1      | robertstho the Minotaur Berserker began the quest for the
                  | Orb.
     0 | D:1      | Reached XP level 1. HP: 19/19 MP: 0/0
   229 | D:1      | Reached XP level 2. HP: 21/27 MP: 1/1
   659 | D:1      | Reached XP level 3. HP: 34/34 MP: 2/2
  1007 | D:1      | Reached ** piety under Trog
  1651 | D:2      | Found a glowing silver altar of Zin.
  1654 | D:2      | Found an iron altar of Okawaru.
  1657 | D:2      | Found a hazy altar of Hepliaklqana.
  1660 | D:2      | Found a white marble altar of Elyvilon.
  1762 | D:2      | Reached XP level 4. HP: 40/41 MP: 3/3
  2208 | D:3      | Noticed Sigmund
  2220 | D:3      | Killed Sigmund
  2221 | D:3      | Reached skill level 5 in Fighting
  2221 | D:3      | Reached skill level 5 in Axes
  2221 | D:3      | Reached XP level 5. HP: 36/48 MP: 4/4
  2426 | D:3      | Found an opulent altar of Gozag.
  2427 | D:3      | Found a stormy altar of Qazlal.
  2462 | D:3      | Reached XP level 6. HP: 56/56 MP: 5/5
  2507 | D:3      | Found a large runed translucent door.
  2507 | D:3      | Found a large runed translucent door.
  2508 | D:3      | Noticed CurlyBrace's ghost (weakling FeSu)
  2690 | D:3      | Killed CurlyBrace's ghost
  3100 | D:4      | Noticed Grinder
  3103 | D:4      | Killed Grinder
  3104 | D:4      | Reached skill level 1 in Stealth
  3104 | D:4      | Reached XP level 7. HP: 62/62 MP: 6/6
  3109 | D:4      | Reached skill level 5 in Armour
  3110 | D:4      | Reached *** piety under Trog
  3128 | D:3      | Killed from afar by an orc priest

Illustrated notes

Levels and vault maps discovered:
D:1:      beargit_arrival_greenhouse, layout_basic, lemuel_old_faithful
D:2:      layout_basic, grunt_temple_overflow_cloverleaf,
          kennysheep_small_spiral
D:3:      layout_rooms, grunt_temple_overflow_open, ebering_ghost_disaster_area,
          uniq_sigmund
D:4:      cheibrodos_quashed, layout_rooms, minmay_temple_entry_proselytizer,
          minivault_24, chequers_serial_rivers_small_3, uniq_grinder

Skill      XL: |  1  2  3  4  5  6  7 |
---------------+----------------------+-----
Fighting       | 4 5 6 |  6.2
Axes           | 4 5 6 |  6.6
Armour         | 3 4 5 |  5.2
Dodging        | 3 |  3.4
Stealth        | 1 |  1.3
Shields        | |  0.3

Action                   |  1- 3 |  4- 6 |  7- 9 || total
-------------------------+-------+-------+-------++-------
Melee: Hand axe          |    79 |    52 |    13 ||   144
       Headbutt          |    15 |    14 |     1 ||    30
Invok: Berserk           |       |     3 |       ||     3
       Trog's Hand       |       |       |     1 ||     1
  Use: Scroll            |       |     4 |     1 ||     5
       Potion            |       |       |     1 ||     1
Armor: Animal skin       |     2 |       |       ||     2
       Ring mail         |    16 |    17 |       ||    33
       Chain mail        |       |       |    10 ||    10
Dodge: Dodged            |    44 |    31 |     8 ||    83
Block: Buckler           |       |     6 |     7 ||    13

Table legend: (Time is in decaauts)
 A = Elapsed time spent in this place.
 B = Non-inter-level travel time spent in this place.
 C = Inter-level travel time spent in this place.
 D = Time resting spent in this place.
 E = Time spent auto-exploring this place.
 F = Levels seen in this place.
 G = Mean time per level.
                   A        B        C        D        E       F      G
               +--------+--------+--------+--------+--------+-----+--------+
         Total |   3161 |   3043 |    118 |    309 |   2290 |   4 |  790.2 |
       Dungeon |   3161 |   3043 |    118 |    309 |   2290 |   4 |  790.2 |
               +--------+--------+--------+--------+--------+-----+--------+

Top non-repeatable levels by time:
     D:1: 1213 daAuts
     D:2: 1147 daAuts
     D:3: 773 daAuts
     D:4: 26 daAuts
